 Dungeon Crawl Stone Soup version 0.17.0-23-g0de4337 (webtiles) character file.

58 deconix the Skirmisher (level 3, 0/49 HPs)
             Began as a Minotaur Berserker on Nov 13, 2015.
             Was a Believer of Trog.
             Slain by a gnoll
             ... wielding a +3 spear
              (2 damage)
             ... on level 3 of the Dungeon.
             The game lasted 00:09:54 (1584 turns).

deconix the Skirmisher (Minotaur Berserker)         Turns: 1584, Time: 00:09:54

Health: 0/49       AC: 21    Str: 22    XL:     3   Next: 75%
Magic:  2/2        EV:  2    Int:  4    God:    Trog [**....]
Gold:   73         SH:  0    Dex:  9    Spells: 0 memorised, 2 levels left

rFire  x . .     SeeInvis .     a - +0 spear
rCold  + . .     Clarity  .     (armour currently unavailable)
rNeg   + + +     SustAt   .     (no shield)
rPois  +         Gourm    .     (helmet currently unavailable)
rElec  .         Spirit   .     (cloak currently unavailable)
rCorr  .         Warding  .     (gloves currently unavailable)
rMut   .         NoTele   +     (boots currently unavailable)
MR     .....                    (no amulet)
Stlth  +.........               (no ring)
                                h - ring of ice

@: tree-form, not resistant to hostile enchantments, very unstealthy
A: (retaliatory headbutt), (horns 0)
a: Berserk, Trog's Hand, Burn Spellbooks, Renounce Religion


You were on level 3 of the Dungeon.
You worshipped Trog.
Trog was pleased with you.
You were not hungry.
You were a tree.
You visited 1 branch of the dungeon, and saw 3 of its levels.

You collected 73 gold pieces.

Inventory:

Hand Weapons
 a - a +0 spear (weapon)
 e - a cursed +0 dagger
Missiles
 g - 19 arrows
 i - 24 bolts
 k - a needle of confusion (quivered)
Armour
 b - a +0 animal skin
 f - a +0 leather armour (melded)
Jewellery
 h - a ring of ice (left branch)
Potions
 d - a potion of lignification
Books
 n - a book of Ice

   Spells                             Type                      Level
   a - Ice Form                       Ice/Transmutation            4
   b - Metabolic Englaciation         Hexes/Ice                    5
   c - Ozocubu's Refrigeration        Ice                          6
   d - Bolt of Cold                   Conjuration/Ice              6
   e - Freezing Cloud                 Conjuration/Ice/Air          6
   f - Simulacrum                     Ice/Necromancy               6
   Trog disapproves of the use of such an item.
Comestibles
 c - a bread ration


   Skills:
 + Level 4.2 Fighting
 + Level 4.2 Polearms
 + Level 3.3 Armour
 + Level 2.7 Dodging
 + Level 0.3 Stealth


You had 2 spell levels left.
You didn't know any spells.

Dungeon Overview and Level Annotations

Branches:
Dungeon (3/15)

Altars:


Innate Abilities, Weirdness & Mutations

((You reflexively headbutt those who attack you in melee.))
((You have a pair of horns on your head.))


Message History

* * * LOW HITPOINT WARNING * * *
The gnoll hits you but does no damage. The gnoll hits you but does no damage.
The gnoll hits you but does no damage. The gnoll hits you but does no damage.
The gnoll hits you but does no damage. The gnoll hits you but does no damage.
The gnoll hits you but does no damage. The gnoll hits you but does no damage.
The gnoll hits you from afar with an enchanted spear.
* * * LOW HITPOINT WARNING * * *
You cannot move.
You are stuck in your current form!
Quivering
k - 2 needles of confusion for throwing.
Tossing away (i - inventory):
k - 2 needles of confusion (quivered)
Press: ? - help, Shift-Dir - straight line, f - gnoll
Aim: a gnoll, wielding an enchanted spear You toss away a needle of confusion.
The needle of confusion hits the gnoll.
The gnoll hits you from afar with an enchanted spear.
You die...

..... .... .... ... #..#
.. .. #..# .. .#####
#..###..# .#....# ......
........##.#....#. .###.#
.......♣.......... ...#.#
.##..####)##.#....#
...#.##.........g.........
...#.##.##..####..#g...#
...#.##.##..####).#....#
.....................$.#
...#.##.##..#####.#....#
.............####.#....#
...............##.#....#


You could see a gnoll.

Vanquished Creatures
  3 gnolls (D:3)
  An ooze (D:1)
  A giant gecko (D:1)
  3 giant cockroaches (D:2)
  4 goblins
  3 hobgoblins (D:1)
  5 kobolds
  A bat (D:1)
  A giant newt (D:1)
  4 rats
26 creatures vanquished.

Notes
Turn   | Place    | Note
--------------------------------------------------------------
     0 | D:1      | deconix the Minotaur Berserker began the quest for the Orb.
     0 | D:1      | Reached XP level 1. HP: 19/19 MP: 0/0
   205 | D:1      | Reached skill level 4 in Fighting
   393 | D:1      | Reached XP level 2. HP: 21/27 MP: 1/1
  1513 | D:3      | Reached XP level 3. HP: 23/33 MP: 2/2
  1558 | D:3      | Reached ** piety under Trog
  1559 | D:3      | HP: 1/33 [gnoll/enchanted spear (2)]
  1583 | D:3      | HP: 2/49 [gnoll/enchanted spear (5)]
  1584 | D:3      | Slain by a gnoll

Action                   || total
-------------------------++-------
Melee: Spear             ||    80
  Use: Scroll            ||     2
       Potion            ||     2
  Eat: Bread ration      ||     1
       Chunk             ||     1
